 Dungeon Crawl Stone Soup version 0.30-a0-728-gc68057be0a (webtiles) character file.

Game seed: 912937219878681577

7 iguanaiguana the Sneak (level 2, -1/26 HPs)
             Began as a Meteoran Delver on Jan 31, 2023.
             Succumbed to an orc's poison
             ... on level 4 of the Dungeon.
             The game lasted 00:01:26 (109 turns).

iguanaiguana the Sneak (Meteoran Delver)             Turns: 109, Time: 00:01:27

Health: -1/26      AC:  3    Str: 13    XL:     2   Next: 23%
Magic:  3/3        EV: 12    Int: 11    God:
Gold:   15         SH:  0    Dex: 15    Spells: 1/1 levels left

rFire   . . .      SeeInvis .    a - +0 falchion
rCold   . . .      Faith    .    (no shield)
rNeg    . . .      Spirit   .    b - +0 leather armour
rPois   .          Reflect  .    (no helmet)
rElec   .          Harm     .    (no cloak)
rCorr   .          Rampage  .    (no gloves)
Will    .....                    (no boots)
Stlth   +                        (no amulet)
HPRegen 0.24/turn                (no ring)
MPRegen 0.08/turn                (no ring)

@: lethally poisoned (-1 -> -12), hasted, glowing, very quick
A: sense surroundings 1, otherworldly, glowing, explore regen
a: no special abilities


You were on level 4 of the Dungeon.
You visited 1 branch of the dungeon, and saw 3 of its levels.

You collected 15 gold pieces.

Inventory:

Hand Weapons
 a - a +0 falchion (weapon)
Armour
 b - a +0 leather armour (worn)
Wands
 g - a wand of digging (3) {@v3}
Scrolls
 c - a scroll of fog
 e - a scroll of fear


   Skills:
 - Level 3.4 Fighting
 - Level 2.4 Long Blades
 + Level 2.0 Maces & Flails
 - Level 2.4 Dodging
 - Level 3.7 Stealth


You had one spell level left.
You didn't know any spells.
Your spell library contained the following spells:

 Spells                   Type           Power      Damage    Failure   Level
 Sandblast                Erth           0%         2d4       41%         1
 Passwall                 Tmut/Erth      0%         N/A       56%         2
 Stone Arrow              Conj/Erth      0%         3d7       80%         3
 Summon Guardian Golem    Hex/Summ       0%         N/A       80%         3
 Orb of Destruction       Conj           0%         9d5       100%        7
 Spellforged Servitor     Conj/Summ      0%         N/A       100%        7


Dungeon Overview and Level Annotations

Branches:
Dungeon (6/15) Zot: 1693
 Temple: D:4-7

Altars:


Innate Abilities, Weirdness & Mutations

You passively map a small area around you.
You are easily found by Zot.
You glow in the dark.
You regain HP and MP as you explore.


Message History

You barely miss the orc.
The orc is moderately wounded.
You slash the orc!
You kill the orc!
The orc throws a boomerang.
Your Maces & Flails skill increases to level 1!
The orc hits you with a +0 club. a +0 hand axe; a +0 leather armour You closely miss the orc.
You hear the slow hiss of an avalanche of sand very nearby.
The orc hits you with a +0 club.
You slash the orc!
You kill the orc!
You have reached level 2!
You are poisoned. a +0 club; a boomerang You hit the orc.
The orc is heavily wounded.
The orc hits you with a +2 whip of venom.
You are lethally poisoned!
You barely miss the orc.
The orc is heavily wounded.
* * * LOW HITPOINT WARNING * * *
You feel very sick.
The orc hits you with a +2 whip of venom.
* * * LOW HITPOINT WARNING * * *
You closely miss the orc.
The orc is heavily wounded.
* * * LOW HITPOINT WARNING * * *
You feel very sick.
You aren't carrying any potions.
Okay, then.
You slash the orc!
You kill the orc!
* * * LOW HITPOINT WARNING * * *
You feel very sick.
Your Maces & Flails skill increases to level 2!
* * * LOW HITPOINT WARNING * * *
a +0 hand axe; a +0 leather armour You die...

,,,,#..#* ######.# ,,,**#..#*
#......# ,,**∩*#..########†####,*
,**,,,*#........>....#,*****
**,,,,,##..##.##.###.#..,,,*
*###+#####.##...)......#**,*
,....o.....##..#)##....#**,******
,...oo..#####..#)#*,.....,,,,,,,,
*#.....#* #..#@#*,,#.*#*,*****,
*#.....* #..#........,*,,,,,*,
*#....,* #..#.##!##.#,*,***,*,
*#....,* #..#.#*,#***,*****,*,
*##.#***** #..#.#*,,,,,,,,,,,,,,
,*..,,,,,** #..#.#******,**,,*,,,
,******,,,***,,#.#**** *,**,,***,
,,* *,,,,,,,,#..,,,* *,**,,***,
*,** *,,,,**,**,*,*,* *,,,,,,,,,


There were no monsters in sight!

Vanquished Creatures
  3 orcs (D:4)
  A quokka (D:4)
4 creatures vanquished.

Notes
Turn   | Place    | Note
-------+----------+-------------------------------------------
     0 | D:5      | iguanaiguana the Meteoran Delver began the quest for the
                  | Orb.
     0 | D:5      | Reached XP level 1. HP: 19/19 MP: 2/2
   100 | D:4      | Reached skill level 1 in Maces & Flails
   103 | D:4      | Reached XP level 2. HP: 22/26 MP: 3/3
   108 | D:4      | HP: 1/26 [poisoned by an orc]
   109 | D:4      | Succumbed to an orc's poison

Illustrated notes

Levels and vault maps discovered:
D:4:      minmay_skewed_foursquare, layout_basic, gup_ossuary_entry_pyramid,
          st_stairs_9, uniq_duvessa
D:5:      minmay_polygon_palace, layout_cave_pools, minitemple,
          mainiacjoe_overflow_surrounded_room, dk_vineyard_2
D:6:      layout_basic, minmay_temple_entry_wispy

Skill      XL: |  1  2 |
---------------+-------+-----
Maces & Flails | 1 2 |  2.0
Fighting       | |  3.4
Long Blades    | |  2.4
Dodging        | |  2.4
Stealth        | |  3.7

Action                     || total
---------------------------++-------
  Melee: Falchion          ||    23
    Use: Scroll            ||     2
         Potion            ||     1
 Armour: Leather armour    ||     4
  Dodge: Dodged            ||    13

Table legend: (Time is in decaauts)
 A = Elapsed time spent in this place.
 B = Non-inter-level travel time spent in this place.
 C = Inter-level travel time spent in this place.
 D = Time resting spent in this place.
 E = Time spent auto-exploring this place.
 F = Levels seen in this place.
 G = Mean time per level.
                   A        B        C        D        E       F      G
               +--------+--------+--------+--------+--------+-----+--------+
         Total |    106 |     97 |      9 |      0 |      0 |   3 |   35.3 |
       Dungeon |    106 |     97 |      9 |      0 |      0 |   3 |   35.3 |
               +--------+--------+--------+--------+--------+-----+--------+

Top non-repeatable levels by time:
     D:4: 55 daAuts
     D:5: 48 daAuts
     D:6: 1 daAuts
